WCHLSIM.com - West Coast Hockey League
html PUBLIC "-//W3C//DTD XHTML 1.0 Transitional//EN" "http://www.w3.org/TR/xhtml1/DTD/xhtml1-transitional.dtd"> WCHL - Game 18 - SAN JOSE BRONCOS vs VICTORIA GLADIATORS

SAN JOSE BRONCOS vs VICTORIA GLADIATORS

Created - 14 octobre 2023 at 23:38

Goals
1 2 3 T
SAN JOSE BRONCOS 1 0 0 1
VICTORIA GLADIATORS 1 1 2 4
Shots
1 2 3 T
SAN JOSE BRONCOS 6 5 4 15
VICTORIA GLADIATORS 13 10 13 36

1st period

1. SAN JOSE BRONCOS , Clayton Keller 1 (Brayden Point 1) at 2:41 (PP)
2. VICTORIA GLADIATORS , Nick Foligno 1 (Noel Acciari 1) at 4:59

Penalties :
Chris Tanev (VIC) for Tripping (Minor) at 2:23, Tyler Myers (VIC) for Hooking (Minor) at 18:24

2nd period

3. VICTORIA GLADIATORS , Kasperi Kapanen 1 (Justin Holl 1, Barclay Goodrow 1) at 4:07

Penalties :
No Penalty

3rd period

4. VICTORIA GLADIATORS , Noel Acciari 1 (Nick Foligno 1, Jan Rutta 1) at 8:13
5. VICTORIA GLADIATORS , Torey Krug 1 (Mason Appleton 1, Brandon Montour 1) at 8:39

Penalties :
No Penalty

Goalie Stats

Jake Allen (SJO), 32 saves from 36 shots - (0,889), L, 0-1-0, 60:00 minutes
Jake Oettinger (VIC), 14 saves from 15 shots - (0,933), W, 1-0-0, 60:00 minutes

Players Stats for SAN JOSE BRONCOS

Player Name              G  A  P  +/- PIM S  H  SB GA TA FO     MP     PP MP  PK MP  
------------------------------------------------------------------------------------
Adam Pelech              0  0  0   0  0   1  0  3  0  0  0/0    23:20   1:04   0:00 
Arshdeep Bains           0  0  0  -1  0   0  0  0  0  0  0/1    11:54   0:00   0:00 
Brayden Point            0  1  1  -2  0   2  0  0  0  0  8/18   18:26   1:15   0:00 
Brendan Smith            0  0  0  -3  0   0  3  1  0  0  0/0    16:09   0:00   0:00 
Carl Grundstrom          0  0  0  -1  0   0  3  0  0  0  0/1    11:54   0:00   0:00 
Clayton Keller           1  0  1  -2  0   3  0  0  0  0  1/1    18:26   1:15   0:00 
Cole Caufield            0  0  0   0  0   0  0  1  0  0  1/1    16:35   1:02   0:00 
Denis Gurianov           0  0  0  -1  0   0  0  0  0  0  1/1    13:05   0:00   0:00 
Dylan Gambrell           0  0  0  -1  0   2  0  0  0  0  7/15   13:05   0:00   0:00 
Jaccob Slavin            0  0  0   0  0   0  0  4  0  0  0/0    23:20   1:04   0:00 
Jake Bean                0  0  0  -3  0   0  0  0  0  0  0/0    16:09   0:00   0:00 
Jake Walman              0  0  0  -1  0   0  1  1  0  0  0/0    20:31   1:13   0:00 
Jesper Bratt             0  0  0   0  0   3  0  0  0  0  1/3    16:35   1:02   0:00 
Neal Pionk               0  0  0  -1  0   0  2  2  0  0  0/0    20:31   1:13   0:00 
Oliver Bjorkstrand       0  0  0  -2  0   2  0  1  0  0  1/4    18:26   1:15   0:00 
Rasmus Asplund           0  0  0  -1  0   0  0  0  0  0  3/9    11:54   0:00   0:00 
Tomas Nosek              0  0  0   0  0   0  1  0  0  0  10/15  15:33   0:00   0:00 
Trevor Lewis             0  0  0  -1  0   2  2  0  0  0  0/0    14:07   1:02   0:00 

Players Stats for VICTORIA GLADIATORS

Player Name              G  A  P  +/- PIM S  H  SB GA TA FO     MP     PP MP  PK MP  
------------------------------------------------------------------------------------
Adam Lowry               0  0  0   1  0   3  1  0  0  0  9/16   18:19   0:00   0:00 
Alex Iafallo             0  0  0   0  0   3  1  0  0  0  1/1    19:44   0:00   0:00 
Andre Burakovsky         0  0  0   0  0   4  1  0  0  0  3/5    19:44   0:00   0:00 
Barclay Goodrow          0  1  1   1  0   3  1  0  0  0  0/0    18:19   0:00   0:00 
Brandon Montour          0  1  1   1  0   1  2  2  0  0  0/0    22:32   0:00   0:25 
Brock McGinn             0  0  0   1  0   0  0  0  0  0  0/0     7:50   0:00   1:55 
Chris Tanev              0  0  0   2  2   2  0  2  0  0  0/0    16:13   0:00   0:24 
Jan Rutta                0  1  1   2  0   0  0  0  0  0  0/0    17:08   0:00   1:34 
Justin Holl              0  1  1   1  0   0  0  2  0  0  0/0    22:53   0:00   1:53 
Juuso Parssinen          0  0  0   1  0   0  2  0  0  0  3/6     6:17   0:00   0:22 
Kasperi Kapanen          1  0  1   1  0   1  0  0  0  0  0/1    18:19   0:00   0:00 
Mason Appleton           0  1  1   1  0   0  0  0  0  0  1/1     5:55   0:00   0:00 
Matthew Nieto            0  0  0   2  0   0  0  0  0  0  0/0    14:07   0:00   0:22 
Mikael Granlund          0  0  0   0  0   5  1  0  0  0  7/16   19:44   0:00   0:00 
Nick Foligno             1  1  2   2  0   7  2  0  0  0  0/0    13:45   0:00   0:00 
Noel Acciari             1  1  2   2  0   5  1  0  0  0  12/23  15:40   0:00   1:55 
Torey Krug               1  0  1   1  0   2  0  1  0  0  0/0    21:09   0:00   0:00 
Tyler Myers              0  0  0   1  2   0  0  2  0  0  0/0    20:03   0:00   0:18 

3 Stars

1 - Nick Foligno (VIC)
2 - Noel Acciari (VIC)
3 - Torey Krug (VIC)

Power Play

SAN JOSE BRONCOS - 1 on 2 Attempt(s) - 50,00%
VICTORIA GLADIATORS - 0 on 0 Attempt(s) - 0,00%

Penalty Kill

SAN JOSE BRONCOS - 0 on 0 Attempt(s) - 0,00% - Score 0 goal in Penalty Kill
VICTORIA GLADIATORS - 1 on 2 Attempt(s) - 50,00% - Score 0 goal in Penalty Kill

Team Stat

SAN JOSE BRONCOS - Hits : 12 - Faceoff Wins : 33 - Blocked Shots : 13 - Penalty Minutes : 0
VICTORIA GLADIATORS - Hits : 12 - Faceoff Wins : 36 - Blocked Shots : 9 - Penalty Minutes : 4

Official

Referees : Chris Rooney and Stephen Hiff
Linesman : Luke Galvin and Kyle Allen

Game Notes

No Game Note

Finance

Level 1 -- Attendance: 4405 (69,92%) -- Ticket Income 836 950 $
Level 2 -- Attendance: 3615 (68,21%) -- Ticket Income 542 250 $
Level 3 -- Attendance: 1661 (75,50%) -- Ticket Income 182 710 $
Level 4 -- Attendance: 3432 (81,71%) -- Ticket Income 240 240 $
Luxury Box -- Attendance: 749 (74,90%) -- Ticket Income 232 190 $
Game was played at the Verizon Center.
Total Attendance: 13862 (72,96%)
Total Ticket Income: 2 034 340 $
Other Expense: 20 343 $
Total Income: 2 013 997 $

SAN JOSE BRONCOS

5 vs 5 Forward 
   Center                   Left Wing                Right Wing               Time % Phy DF OF 
 1 Brayden Point            Clayton Keller           Oliver Bjorkstrand       30     1   2  2  
 2 Tomas Nosek              Jesper Bratt             Cole Caufield            27     1   2  2  
 3 Dylan Gambrell           Denis Gurianov           Trevor Lewis             23     1   2  2  
 4 Rasmus Asplund           Carl Grundstrom          Arshdeep Bains           20     1   2  2  

5 vs 5 Defense 
   Defense                  Defense                                           Time % Phy DF OF 
 1 Jaccob Slavin            Adam Pelech                                       33     1   2  2  
 2 Neal Pionk               Jake Walman                                       32     1   2  2  
 3 Brendan Smith            Jake Bean                                         25     1   2  2  
 4 Jaccob Slavin            Adam Pelech                                       10     1   2  2  

PowerPlay Forward 
   Center                   Left Wing                Right Wing               Time % Phy DF OF 
 1 Brayden Point            Clayton Keller           Oliver Bjorkstrand       50     1   2  2  
 2 Jesper Bratt             Trevor Lewis             Cole Caufield            50     1   2  2  

PowerPlay Defense
   Defense                  Defense                                           Time % Phy DF OF 
 1 Jaccob Slavin            Adam Pelech                                       50     1   2  2  
 2 Neal Pionk               Jake Walman                                       50     1   2  2  

Penalty Kill 4 Players Forward 
   Center                   Wing                     Time % Phy DF OF 
 1 Cole Caufield            Clayton Keller           55     1   2  2  
 2 Brayden Point            Oliver Bjorkstrand       45     1   2  2  

Penalty Kill 4 Players Defense
   Defense                  Defense                  Time % Phy DF OF 
 1 Jaccob Slavin            Adam Pelech              55     1   2  2  
 2 Neal Pionk               Brendan Smith            45     1   2  2  

Penalty Kill - 3 Players Forward 
   Forward                                           Time % Phy DF OF 
 1 Oliver Bjorkstrand                                55     1   2  2  
 2 Cole Caufield                                     45     1   2  2  

Penalty Kill - 3 Players Defense
   Defense                  Defense                  Time % Phy DF OF 
 1 Jaccob Slavin            Adam Pelech              55     1   2  2  
 2 Neal Pionk               Jake Walman              45     1   2  2  

4 vs 4 Forward 
   Center                   Wing                     Time % Phy DF OF 
 1 Brayden Point            Cole Caufield            50     1   2  2  
 2 Clayton Keller           Oliver Bjorkstrand       50     1   2  2  

4 vs 4 Defense
   Defense                  Defense                  Time % Phy DF OF 
 1 Jaccob Slavin            Adam Pelech              50     1   2  2  
 2 Neal Pionk               Jake Bean                50     1   2  2  

Last Minutes Offensive
   Center                   Left Wing                Right Wing               Defense                  Defense                  
   Brayden Point            Clayton Keller           Oliver Bjorkstrand       Jaccob Slavin            Adam Pelech              

Last Minutes Defensive
   Center                   Left Wing                Right Wing               Defense                  Defense                  
   Brayden Point            Clayton Keller           Oliver Bjorkstrand       Jaccob Slavin            Adam Pelech              

Goaltenders
Starting : Jake Allen               
Backup : John Gibson              

Extra Forwards
Normal : Oliver Bjorkstrand, Tomas Nosek, Denis Gurianov - PP : Oliver Bjorkstrand, Carl Grundstrom - PK : Oliver Bjorkstrand
Extra Defensemen
Normal : Jaccob Slavin, Adam Pelech, Neal Pionk - PP : Jaccob Slavin - PK : Adam Pelech, Neal Pionk
Penalty Shots
Tomas Nosek, Denis Gurianov, Carl Grundstrom, Oliver Bjorkstrand, Cole Caufield
Custom OT Lines Forwards
Tomas Nosek, Denis Gurianov, Carl Grundstrom, Oliver Bjorkstrand, Cole Caufield, Dylan Gambrell, Rasmus Asplund, Arshdeep Bains, Brayden Point, Clayton Keller
Custom OT Lines Defensemen
Jaccob Slavin, Adam Pelech, Neal Pionk, Brendan Smith, Jake Bean

Scratches
Timothy Liljegren (Sprained Right Knee Injury)

VICTORIA GLADIATORS

5 vs 5 Forward 
   Center                   Left Wing                Right Wing               Time % Phy DF OF 
 1 Mikael Granlund          Alex Iafallo             Andre Burakovsky         36     1   2  2  
 2 Adam Lowry               Barclay Goodrow          Kasperi Kapanen          33     1   2  2  
 3 Noel Acciari             Nick Foligno             Matthew Nieto            24     0   4  1  
 4 Juuso Parssinen          Brock McGinn             Mason Appleton           7      0   4  1  

5 vs 5 Defense 
   Defense                  Defense                                           Time % Phy DF OF 
 1 Brandon Montour          Torey Krug                                        40     1   2  2  
 2 Tyler Myers              Justin Holl                                       35     1   2  2  
 3 Chris Tanev              Jan Rutta                                         25     0   4  1  
 4 Brandon Montour          Justin Holl                                       0      0   4  1  

PowerPlay Forward 
   Center                   Left Wing                Right Wing               Time % Phy DF OF 
 1 Mikael Granlund          Alex Iafallo             Andre Burakovsky         55     1   1  3  
 2 Adam Lowry               Barclay Goodrow          Nick Foligno             45     1   1  3  

PowerPlay Defense
   Defense                  Defense                                           Time % Phy DF OF 
 1 Brandon Montour          Kasperi Kapanen                                   55     1   1  3  
 2 Tyler Myers              Torey Krug                                        45     1   1  3  

Penalty Kill 4 Players Forward 
   Center                   Wing                     Time % Phy DF OF 
 1 Noel Acciari             Brock McGinn             60     0   4  1  
 2 Juuso Parssinen          Matthew Nieto            40     0   4  1  

Penalty Kill 4 Players Defense
   Defense                  Defense                  Time % Phy DF OF 
 1 Tyler Myers              Justin Holl              60     0   4  1  
 2 Chris Tanev              Jan Rutta                40     0   4  1  

Penalty Kill - 3 Players Forward 
   Forward                                           Time % Phy DF OF 
 1 Noel Acciari                                      55     0   5  0  
 2 Juuso Parssinen                                   45     0   5  0  

Penalty Kill - 3 Players Defense
   Defense                  Defense                  Time % Phy DF OF 
 1 Tyler Myers              Justin Holl              55     0   5  0  
 2 Chris Tanev              Jan Rutta                45     0   5  0  

4 vs 4 Forward 
   Center                   Wing                     Time % Phy DF OF 
 1 Mikael Granlund          Alex Iafallo             52     0   3  2  
 2 Adam Lowry               Barclay Goodrow          48     0   3  2  

4 vs 4 Defense
   Defense                  Defense                  Time % Phy DF OF 
 1 Brandon Montour          Torey Krug               52     0   3  2  
 2 Chris Tanev              Jan Rutta                48     0   3  2  

Last Minutes Offensive
   Center                   Left Wing                Right Wing               Defense                  Defense                  
   Mikael Granlund          Alex Iafallo             Andre Burakovsky         Brandon Montour          Torey Krug               

Last Minutes Defensive
   Center                   Left Wing                Right Wing               Defense                  Defense                  
   Noel Acciari             Brock McGinn             Matthew Nieto            Tyler Myers              Justin Holl              

Goaltenders
Starting : Jake Oettinger           
Backup : Charlie Lindgren         

Extra Forwards
Normal : Alex Iafallo, Nick Foligno, Kasperi Kapanen - PP : Noel Acciari, Brock McGinn - PK : Adam Lowry
Extra Defensemen
Normal : Chris Tanev, Jan Rutta, Torey Krug - PP : Chris Tanev - PK : Jan Rutta, Tyler Myers
Penalty Shots
Mikael Granlund, Andre Burakovsky, Adam Lowry, Alex Iafallo, Barclay Goodrow
Custom OT Lines Forwards
Mikael Granlund, Andre Burakovsky, Adam Lowry, Alex Iafallo, Barclay Goodrow, Noel Acciari, Kasperi Kapanen, Nick Foligno, Juuso Parssinen, Matthew Nieto
Custom OT Lines Defensemen
Brandon Montour, Torey Krug, Tyler Myers, Justin Holl, Chris Tanev

Scratches
Niko Mikkola (Healthy)

% Time on Ice - SAN JOSE BRONCOS

Lines # - Real PCT - Wanted PCT - Time Play
Normal Forward
1 - 30% - 30% - 17:11
2 - 27% - 27% - 15:33
3 - 23% - 23% - 13:05
4 - 21% - 20% - 11:54
Normal Defense
1 - 32% - 33% - 18:12
2 - 33% - 32% - 19:18
3 - 28% - 25% - 16:09
4 - 7% - 10% - 4:04
PP Forward
1 - 55% - 50% - 1:15
2 - 45% - 50% - 1:02
PP Defense
1 - 47% - 50% - 1:04
2 - 53% - 50% - 1:13
PK Forward
1 - 0% - 55%
2 - 0% - 45%
PK Defense
1 - 0% - 55%
2 - 0% - 45%
PK3 Forward
1 - 0% - 55%
2 - 0% - 45%
PK3 Defense
1 - 0% - 55%
2 - 0% - 45%
44 Forward
1 - 0% - 50%
2 - 0% - 50%
44 Defense
1 - 0% - 50%
2 - 0% - 50%
Last Minute Offensive  - 0:00
Last Minute Defensive  - 0:00
Total
Forward - 60:00
Defense - 60:00

% Time on Ice - VICTORIA GLADIATORS

Lines # - Real PCT - Wanted PCT - Time Play
Normal Forward
1 - 34% - 36% - 19:44
2 - 32% - 33% - 18:19
3 - 24% - 24% - 13:45
4 - 10% - 7% - 5:55
Normal Defense
1 - 37% - 40% - 21:09
2 - 34% - 35% - 19:46
3 - 27% - 25% - 15:34
4 - 2% - 0% - 1:14
PP Forward
1 - 0% - 55%
2 - 0% - 45%
PP Defense
1 - 0% - 55%
2 - 0% - 45%
PK Forward
1 - 84% - 60% - 1:55
2 - 16% - 40% - 0:22
PK Defense
1 - 82% - 60% - 1:53
2 - 18% - 40% - 0:24
PK3 Forward
1 - 0% - 55%
2 - 0% - 45%
PK3 Defense
1 - 0% - 55%
2 - 0% - 45%
44 Forward
1 - 0% - 52%
2 - 0% - 48%
44 Defense
1 - 0% - 52%
2 - 0% - 48%
Last Minute Offensive  - 0:00
Last Minute Defensive  - 0:00
Total
Forward - 60:00
Defense - 60:00

Play-by-Play

1st period


0:01 of 1st period - Mikael Granlund wins face-off versus Brayden Point in neutral zone.
0:32 of 1st period - Shot by Brayden Point.
0:32 of 1st period - Shot Misses the Net.
1:09 of 1st period - Icing by Kasperi Kapanen.
1:10 of 1st period - Dylan Gambrell wins face-off versus Adam Lowry in VICTORIA GLADIATORS zone.
1:17 of 1st period - Justin Holl is hit by Trevor Lewis.
1:51 of 1st period - Off-side.
1:52 of 1st period - Noel Acciari wins face-off versus Tomas Nosek in neutral zone.
1:55 of 1st period - Shot by Chris Tanev.
1:55 of 1st period - Stopped by Jake Allen without a rebound.
1:56 of 1st period - Noel Acciari wins face-off versus Tomas Nosek in SAN JOSE BRONCOS zone.
2:23 of 1st period - Minor Penalty to Chris Tanev for Tripping.
2:24 of 1st period - Brayden Point wins face-off versus Noel Acciari in VICTORIA GLADIATORS zone.
2:25 of 1st period - Shot by Clayton Keller.
2:25 of 1st period - Stopped by Jake Oettinger without a rebound.
2:26 of 1st period - Clayton Keller wins face-off versus Noel Acciari in VICTORIA GLADIATORS zone.
2:39 of 1st period - Shot by Clayton Keller.
2:39 of 1st period - Shot Misses the Net.
2:41 of 1st period - Shot by Brayden Point.
2:41 of 1st period - Deflect By Clayton Keller.
2:41 of 1st period - Goal by Clayton Keller - SAN JOSE BRONCOS : 1 - VICTORIA GLADIATORS : 0.
2:42 of 1st period - Mikael Granlund wins face-off versus Carl Grundstrom in neutral zone.
2:58 of 1st period - Shot by Mikael Granlund.
2:58 of 1st period - Shot Misses the Net.
3:00 of 1st period - Shot by Andre Burakovsky.
3:00 of 1st period - Shot Misses the Net.
3:02 of 1st period - Shot by Mikael Granlund.
3:02 of 1st period - Shot Misses the Net.
3:04 of 1st period - Shot by Mikael Granlund.
3:04 of 1st period - Shot Misses the Net.
3:59 of 1st period - Shot by Nick Foligno.
3:59 of 1st period - Stopped by Jake Allen without a rebound.
4:00 of 1st period - Dylan Gambrell wins face-off versus Adam Lowry in SAN JOSE BRONCOS zone.
4:57 of 1st period - Icing by Brendan Smith.
4:58 of 1st period - Noel Acciari wins face-off versus Dylan Gambrell in SAN JOSE BRONCOS zone.
4:59 of 1st period - Shot by Nick Foligno.
4:59 of 1st period - Goal by Nick Foligno - SAN JOSE BRONCOS : 1 - VICTORIA GLADIATORS : 1.
5:00 of 1st period - Noel Acciari wins face-off versus Brayden Point in neutral zone.
5:21 of 1st period - Shot by Brayden Point.
5:21 of 1st period - Shot Misses the Net.
5:24 of 1st period - Icing by Noel Acciari.
5:25 of 1st period - Tomas Nosek wins face-off versus Noel Acciari in VICTORIA GLADIATORS zone.
5:42 of 1st period - Shot by Noel Acciari.
5:42 of 1st period - Shot Misses the Net.
5:44 of 1st period - Shot by Chris Tanev.
5:44 of 1st period - Stopped by Jake Allen without a rebound.
5:45 of 1st period - Mason Appleton wins face-off versus Rasmus Asplund in SAN JOSE BRONCOS zone.
6:00 of 1st period - Shot by Brock McGinn.
6:00 of 1st period - Shot Misses the Net.
6:02 of 1st period - Shot by Mason Appleton.
6:02 of 1st period - Shot Blocked by Jaccob Slavin.
6:04 of 1st period - Shot by Torey Krug.
6:04 of 1st period - Stopped by Jake Allen without a rebound.
6:05 of 1st period - Adam Lowry wins face-off versus Brayden Point in SAN JOSE BRONCOS zone.
6:44 of 1st period - Off-side.
6:45 of 1st period - Tomas Nosek wins face-off versus Mikael Granlund in neutral zone.
10:31 of 1st period - Shot by Alex Iafallo.
10:31 of 1st period - Shot Misses the Net.
10:49 of 1st period - Shot by Mikael Granlund.
10:49 of 1st period - Stopped by Jake Allen without a rebound.
10:50 of 1st period - Tomas Nosek wins face-off versus Noel Acciari in SAN JOSE BRONCOS zone.
11:01 of 1st period - Shot by Jesper Bratt.
11:01 of 1st period - Shot Misses the Net.
11:22 of 1st period - Icing by Justin Holl.
11:23 of 1st period - Noel Acciari wins face-off versus Oliver Bjorkstrand in VICTORIA GLADIATORS zone.
11:48 of 1st period - Shot by Oliver Bjorkstrand.
11:48 of 1st period - Stopped by Jake Oettinger with a rebound.
12:43 of 1st period - Shot by Dylan Gambrell.
12:43 of 1st period - Stopped by Jake Oettinger without a rebound.
12:44 of 1st period - Tomas Nosek wins face-off versus Adam Lowry in VICTORIA GLADIATORS zone.
13:16 of 1st period - Shot by Brandon Montour.
13:16 of 1st period - Stopped by Jake Allen with a rebound.
13:18 of 1st period - Shot by Barclay Goodrow.
13:18 of 1st period - Shot Misses the Net.
13:20 of 1st period - Shot by Brandon Montour.
13:20 of 1st period - Shot Blocked by Jaccob Slavin.
13:22 of 1st period - Shot by Barclay Goodrow.
13:22 of 1st period - Stopped by Jake Allen without a rebound.
13:23 of 1st period - Noel Acciari wins face-off versus Dylan Gambrell in SAN JOSE BRONCOS zone.
13:40 of 1st period - Shot by Nick Foligno.
13:40 of 1st period - Stopped by Jake Allen without a rebound.
13:41 of 1st period - Rasmus Asplund wins face-off versus Juuso Parssinen in SAN JOSE BRONCOS zone.
13:41 of 1st period - Rasmus Asplund is hit by Juuso Parssinen.
13:48 of 1st period - Neal Pionk is hit by Brandon Montour and loses puck.
14:08 of 1st period - Off-side.
14:09 of 1st period - Mikael Granlund wins face-off versus Dylan Gambrell in neutral zone.
14:26 of 1st period - Shot by Andre Burakovsky.
14:26 of 1st period - Stopped by Jake Allen without a rebound.
14:27 of 1st period - Brayden Point wins face-off versus Adam Lowry in SAN JOSE BRONCOS zone.
14:31 of 1st period - Clayton Keller is hit by Adam Lowry and loses puck.
14:41 of 1st period - Off-side.
14:42 of 1st period - Andre Burakovsky wins face-off versus Tomas Nosek in neutral zone.
14:59 of 1st period - Shot by Andre Burakovsky.
14:59 of 1st period - Shot Misses the Net.
15:01 of 1st period - Shot by Alex Iafallo.
15:01 of 1st period - Stopped by Jake Allen with a rebound.
15:15 of 1st period - Shot by Mikael Granlund.
15:15 of 1st period - Shot Blocked by Cole Caufield.
16:38 of 1st period - Shot by Noel Acciari.
16:38 of 1st period - Stopped by Jake Allen with a rebound.
16:40 of 1st period - Shot by Jan Rutta.
16:40 of 1st period - Shot Misses the Net.
16:44 of 1st period - Shot by Noel Acciari.
16:44 of 1st period - Stopped by Jake Allen without a rebound.
16:45 of 1st period - Juuso Parssinen wins face-off versus Brayden Point in SAN JOSE BRONCOS zone.
17:05 of 1st period - Off-side.
17:06 of 1st period - Dylan Gambrell wins face-off versus Mikael Granlund in neutral zone.
17:25 of 1st period - Shot by Denis Gurianov.
17:25 of 1st period - Shot Misses the Net.
17:27 of 1st period - Shot by Dylan Gambrell.
17:27 of 1st period - Shot Blocked by Chris Tanev.
17:29 of 1st period - Shot by Trevor Lewis.
17:29 of 1st period - Shot Blocked by Chris Tanev.
17:31 of 1st period - Shot by Dylan Gambrell.
17:31 of 1st period - Stopped by Jake Oettinger with a rebound.
17:43 of 1st period - Shot by Trevor Lewis.
17:43 of 1st period - Stopped by Jake Oettinger without a rebound.
17:44 of 1st period - Brayden Point wins face-off versus Adam Lowry in VICTORIA GLADIATORS zone.
18:15 of 1st period - Icing by Jake Walman.
18:16 of 1st period - Noel Acciari wins face-off versus Brayden Point in SAN JOSE BRONCOS zone.
18:24 of 1st period - Minor Penalty to Tyler Myers for Hooking.
18:25 of 1st period - Jesper Bratt wins face-off versus Noel Acciari in VICTORIA GLADIATORS zone.
18:26 of 1st period - Shot by Adam Pelech.
18:26 of 1st period - Shot Misses the Net.
18:47 of 1st period - Icing by Jesper Bratt.
18:48 of 1st period - Noel Acciari wins face-off versus Jesper Bratt in SAN JOSE BRONCOS zone.
18:55 of 1st period - Brock McGinn is hit by Trevor Lewis and loses puck.
Goals for this period are 1 for SAN JOSE BRONCOS vs 1 for VICTORIA GLADIATORS.
Shots for this period are 6 for SAN JOSE BRONCOS vs 13 for VICTORIA GLADIATORS.

2nd period


0:01 of 2nd period - Noel Acciari wins face-off versus Jesper Bratt in neutral zone.
0:16 of 2nd period - Shot by Trevor Lewis.
0:16 of 2nd period - Stopped by Jake Oettinger without a rebound.
0:17 of 2nd period - Noel Acciari wins face-off versus Oliver Bjorkstrand in VICTORIA GLADIATORS zone.
0:28 of 2nd period - Brendan Smith is hit by Alex Iafallo.
0:32 of 2nd period - Rasmus Asplund is hit by Andre Burakovsky and loses puck.
0:37 of 2nd period - Shot by Mikael Granlund.
0:37 of 2nd period - Shot Misses the Net.
0:39 of 2nd period - Shot by Mikael Granlund.
0:39 of 2nd period - Stopped by Jake Allen without a rebound.
0:40 of 2nd period - Adam Lowry wins face-off versus Brayden Point in SAN JOSE BRONCOS zone.
1:05 of 2nd period - Shot by Brayden Point.
1:05 of 2nd period - Stopped by Jake Oettinger without a rebound.
1:06 of 2nd period - Mikael Granlund wins face-off versus Rasmus Asplund in VICTORIA GLADIATORS zone.
1:38 of 2nd period - Shot by Andre Burakovsky.
1:38 of 2nd period - Shot Blocked by Jaccob Slavin.
1:49 of 2nd period - Shot by Mikael Granlund.
1:49 of 2nd period - Stopped by Jake Allen without a rebound.
1:50 of 2nd period - Denis Gurianov wins face-off versus Noel Acciari in SAN JOSE BRONCOS zone.
2:42 of 2nd period - Icing by Jake Bean.
2:43 of 2nd period - Oliver Bjorkstrand wins face-off versus Kasperi Kapanen in SAN JOSE BRONCOS zone.
3:02 of 2nd period - Icing by Brendan Smith.
3:03 of 2nd period - Mikael Granlund wins face-off versus Brayden Point in SAN JOSE BRONCOS zone.
3:37 of 2nd period - Shot by Andre Burakovsky.
3:37 of 2nd period - Shot Misses the Net.
4:03 of 2nd period - Shot by Barclay Goodrow.
4:03 of 2nd period - Shot Misses the Net.
4:07 of 2nd period - Shot by Kasperi Kapanen.
4:07 of 2nd period - Goal by Kasperi Kapanen - SAN JOSE BRONCOS : 1 - VICTORIA GLADIATORS : 2.
4:08 of 2nd period - Noel Acciari wins face-off versus Dylan Gambrell in neutral zone.
4:27 of 2nd period - Shot by Matthew Nieto.
4:27 of 2nd period - Shot Misses the Net.
4:29 of 2nd period - Shot by Jan Rutta.
4:29 of 2nd period - Shot Blocked by Adam Pelech.
5:01 of 2nd period - Dylan Gambrell is hit by Nick Foligno and loses puck.
5:28 of 2nd period - Shot by Jesper Bratt.
5:28 of 2nd period - Stopped by Jake Oettinger without a rebound.
5:29 of 2nd period - Andre Burakovsky wins face-off versus Rasmus Asplund in VICTORIA GLADIATORS zone.
5:40 of 2nd period - Icing by Rasmus Asplund.
5:41 of 2nd period - Adam Lowry wins face-off versus Rasmus Asplund in SAN JOSE BRONCOS zone.
6:44 of 2nd period - Mikael Granlund is hit by Carl Grundstrom and loses puck.
7:43 of 2nd period - Shot by Nick Foligno.
7:43 of 2nd period - Shot Misses the Net.
7:56 of 2nd period - Shot by Noel Acciari.
7:56 of 2nd period - Stopped by Jake Allen without a rebound.
7:57 of 2nd period - Juuso Parssinen wins face-off versus Tomas Nosek in SAN JOSE BRONCOS zone.
8:02 of 2nd period - Shot by Mason Appleton.
8:02 of 2nd period - Shot Blocked by Jaccob Slavin.
8:19 of 2nd period - Off-side.
8:20 of 2nd period - Adam Lowry wins face-off versus Oliver Bjorkstrand in neutral zone.
9:12 of 2nd period - Clayton Keller is hit by Mikael Granlund and loses puck.
9:21 of 2nd period - Shot by Alex Iafallo.
9:21 of 2nd period - Shot Blocked by Oliver Bjorkstrand.
9:23 of 2nd period - Shot by Andre Burakovsky.
9:23 of 2nd period - Shot Blocked by Brendan Smith.
9:33 of 2nd period - Shot by Andre Burakovsky.
9:33 of 2nd period - Shot Misses the Net.
9:35 of 2nd period - Shot by Andre Burakovsky.
9:35 of 2nd period - Deflect By Alex Iafallo.
9:35 of 2nd period - Stopped by Jake Allen without a rebound.
9:36 of 2nd period - Tomas Nosek wins face-off versus Noel Acciari in SAN JOSE BRONCOS zone.
9:36 of 2nd period - Tomas Nosek is hit by Nick Foligno.
10:09 of 2nd period - Shot by Nick Foligno.
10:09 of 2nd period - Stopped by Jake Allen without a rebound.
10:10 of 2nd period - Dylan Gambrell wins face-off versus Mikael Granlund in SAN JOSE BRONCOS zone.
10:19 of 2nd period - Shot by Denis Gurianov.
10:19 of 2nd period - Shot Misses the Net.
10:21 of 2nd period - Shot by Jaccob Slavin.
10:21 of 2nd period - Shot Blocked by Tyler Myers.
10:23 of 2nd period - Shot by Adam Pelech.
10:23 of 2nd period - Stopped by Jake Oettinger without a rebound.
10:24 of 2nd period - Adam Lowry wins face-off versus Dylan Gambrell in VICTORIA GLADIATORS zone.
10:39 of 2nd period - Shot by Trevor Lewis.
10:39 of 2nd period - Shot Misses the Net.
11:10 of 2nd period - Icing by Jake Walman.
11:11 of 2nd period - Mikael Granlund wins face-off versus Dylan Gambrell in SAN JOSE BRONCOS zone.
11:16 of 2nd period - Shot by Alex Iafallo.
11:16 of 2nd period - Stopped by Jake Allen without a rebound.
11:17 of 2nd period - Alex Iafallo wins face-off versus Tomas Nosek in SAN JOSE BRONCOS zone.
12:17 of 2nd period - Shot by Brayden Point.
12:17 of 2nd period - Shot Blocked by Justin Holl.
12:22 of 2nd period - Icing by Andre Burakovsky.
12:23 of 2nd period - Rasmus Asplund wins face-off versus Mikael Granlund in VICTORIA GLADIATORS zone.
12:42 of 2nd period - Kasperi Kapanen is hit by Carl Grundstrom and loses puck.
12:47 of 2nd period - Shot by Rasmus Asplund.
12:47 of 2nd period - Shot Blocked by Torey Krug.
12:57 of 2nd period - Adam Lowry is hit by Carl Grundstrom and loses puck.
13:12 of 2nd period - Shot by Adam Lowry.
13:12 of 2nd period - Shot Misses the Net.
13:59 of 2nd period - Shot by Noel Acciari.
13:59 of 2nd period - Shot Misses the Net.
14:30 of 2nd period - Justin Holl is hit by Tomas Nosek and loses puck.
14:35 of 2nd period - Shot by Cole Caufield.
14:35 of 2nd period - Shot Misses the Net.
14:49 of 2nd period - Shot by Tomas Nosek.
14:49 of 2nd period - Shot Misses the Net.
15:44 of 2nd period - Mikael Granlund is hit by Brendan Smith and loses puck.
15:50 of 2nd period - Mikael Granlund is hit by Brendan Smith and loses puck.
17:11 of 2nd period - Icing by Brendan Smith.
17:12 of 2nd period - Dylan Gambrell wins face-off versus Noel Acciari in SAN JOSE BRONCOS zone.
18:16 of 2nd period - Shot by Jesper Bratt.
18:16 of 2nd period - Stopped by Jake Oettinger without a rebound.
18:17 of 2nd period - Tomas Nosek wins face-off versus Mikael Granlund in VICTORIA GLADIATORS zone.
18:24 of 2nd period - Shot by Cole Caufield.
18:24 of 2nd period - Shot Misses the Net.
18:58 of 2nd period - Shot by Alex Iafallo.
18:58 of 2nd period - Deflect By Andre Burakovsky.
18:58 of 2nd period - Stopped by Jake Allen without a rebound.
18:59 of 2nd period - Adam Lowry wins face-off versus Rasmus Asplund in SAN JOSE BRONCOS zone.
19:00 of 2nd period - Shot by Barclay Goodrow.
19:00 of 2nd period - Shot Hit the Post.
19:02 of 2nd period - Shot by Adam Lowry.
19:02 of 2nd period - Stopped by Jake Allen without a rebound.
19:03 of 2nd period - Adam Lowry wins face-off versus Brayden Point in SAN JOSE BRONCOS zone.
19:23 of 2nd period - Shot by Adam Lowry.
19:23 of 2nd period - Stopped by Jake Allen with a rebound.
Goals for this period are 0 for SAN JOSE BRONCOS vs 1 for VICTORIA GLADIATORS.
Shots for this period are 5 for SAN JOSE BRONCOS vs 10 for VICTORIA GLADIATORS.

3rd period


0:01 of 3rd period - Tomas Nosek wins face-off versus Andre Burakovsky in neutral zone.
0:14 of 3rd period - Shot by Jesper Bratt.
0:14 of 3rd period - Deflect By Cole Caufield.
0:14 of 3rd period - Shot Blocked by Brandon Montour.
0:16 of 3rd period - Shot by Tomas Nosek.
0:16 of 3rd period - Shot Misses the Net.
0:18 of 3rd period - Shot by Jaccob Slavin.
0:18 of 3rd period - Shot Misses the Net.
0:20 of 3rd period - Shot by Jaccob Slavin.
0:20 of 3rd period - Deflect By Jesper Bratt.
0:20 of 3rd period - Shot Misses the Net.
0:30 of 3rd period - Shot by Cole Caufield.
0:30 of 3rd period - Shot Misses the Net.
1:18 of 3rd period - Shot by Barclay Goodrow.
1:18 of 3rd period - Stopped by Jake Allen with a rebound.
1:23 of 3rd period - Adam Lowry is hit by Brendan Smith.
1:41 of 3rd period - Shot by Kasperi Kapanen.
1:41 of 3rd period - Deflect By Barclay Goodrow.
1:41 of 3rd period - Stopped by Jake Allen without a rebound.
1:42 of 3rd period - Noel Acciari wins face-off versus Brayden Point in SAN JOSE BRONCOS zone.
1:42 of 3rd period - Noel Acciari is hit by Neal Pionk.
2:03 of 3rd period - Noel Acciari is hit by Jake Walman.
2:16 of 3rd period - Matthew Nieto is hit by Neal Pionk and loses puck.
3:25 of 3rd period - Shot by Alex Iafallo.
3:25 of 3rd period - Shot Misses the Net.
3:27 of 3rd period - Shot by Mikael Granlund.
3:27 of 3rd period - Stopped by Jake Allen without a rebound.
3:28 of 3rd period - Cole Caufield wins face-off versus Adam Lowry in SAN JOSE BRONCOS zone.
3:41 of 3rd period - Shot by Jesper Bratt.
3:41 of 3rd period - Shot Blocked by Brandon Montour.
3:47 of 3rd period - Shot by Jesper Bratt.
3:47 of 3rd period - Stopped by Jake Oettinger without a rebound.
3:48 of 3rd period - Andre Burakovsky wins face-off versus Rasmus Asplund in VICTORIA GLADIATORS zone.
3:55 of 3rd period - Shot by Mikael Granlund.
3:55 of 3rd period - Shot Blocked by Jake Walman.
4:01 of 3rd period - Shot by Andre Burakovsky.
4:01 of 3rd period - Shot Blocked by Neal Pionk.
4:36 of 3rd period - Icing by Mikael Granlund.
4:37 of 3rd period - Tomas Nosek wins face-off versus Mikael Granlund in VICTORIA GLADIATORS zone.
5:06 of 3rd period - Shot by Adam Lowry.
5:06 of 3rd period - Stopped by Jake Allen with a rebound.
5:52 of 3rd period - Shot by Nick Foligno.
5:52 of 3rd period - Stopped by Jake Allen without a rebound.
5:53 of 3rd period - Brayden Point wins face-off versus Juuso Parssinen in SAN JOSE BRONCOS zone.
5:53 of 3rd period - Brayden Point is hit by Juuso Parssinen.
5:58 of 3rd period - Icing by Clayton Keller.
5:59 of 3rd period - Brayden Point wins face-off versus Mikael Granlund in SAN JOSE BRONCOS zone.
6:06 of 3rd period - Shot by Brayden Point.
6:06 of 3rd period - Shot Blocked by Tyler Myers.
6:50 of 3rd period - Icing by Jake Bean.
6:51 of 3rd period - Adam Lowry wins face-off versus Brayden Point in SAN JOSE BRONCOS zone.
7:08 of 3rd period - Shot by Barclay Goodrow.
7:08 of 3rd period - Shot Misses the Net.
8:07 of 3rd period - Shot by Nick Foligno.
8:07 of 3rd period - Stopped by Jake Allen with a rebound.
8:11 of 3rd period - Shot by Nick Foligno.
8:11 of 3rd period - Shot Misses the Net.
8:13 of 3rd period - Shot by Noel Acciari.
8:13 of 3rd period - Goal by Noel Acciari - SAN JOSE BRONCOS : 1 - VICTORIA GLADIATORS : 3.
8:14 of 3rd period - Mikael Granlund wins face-off versus Dylan Gambrell in neutral zone.
8:17 of 3rd period - Shot by Andre Burakovsky.
8:17 of 3rd period - Stopped by Jake Allen with a rebound.
8:31 of 3rd period - Shot by Mikael Granlund.
8:31 of 3rd period - Stopped by Jake Allen without a rebound.
8:32 of 3rd period - Juuso Parssinen wins face-off versus Arshdeep Bains in SAN JOSE BRONCOS zone.
8:37 of 3rd period - Shot by Mason Appleton.
8:37 of 3rd period - Shot Misses the Net.
8:39 of 3rd period - Shot by Torey Krug.
8:39 of 3rd period - Goal by Torey Krug - SAN JOSE BRONCOS : 1 - VICTORIA GLADIATORS : 4.
8:40 of 3rd period - Dylan Gambrell wins face-off versus Andre Burakovsky in neutral zone.
11:13 of 3rd period - Icing by Noel Acciari.
11:14 of 3rd period - Brayden Point wins face-off versus Noel Acciari in VICTORIA GLADIATORS zone.
12:29 of 3rd period - Shot by Andre Burakovsky.
12:29 of 3rd period - Shot Blocked by Adam Pelech.
13:38 of 3rd period - Shot by Noel Acciari.
13:38 of 3rd period - Stopped by Jake Allen without a rebound.
13:39 of 3rd period - Tomas Nosek wins face-off versus Adam Lowry in SAN JOSE BRONCOS zone.
13:39 of 3rd period - Tomas Nosek is hit by Barclay Goodrow.
14:43 of 3rd period - Shot by Oliver Bjorkstrand.
14:43 of 3rd period - Stopped by Jake Oettinger with a rebound.
14:45 of 3rd period - Shot by Neal Pionk.
14:45 of 3rd period - Shot Blocked by Justin Holl.
14:47 of 3rd period - Shot by Clayton Keller.
14:47 of 3rd period - Stopped by Jake Oettinger without a rebound.
14:48 of 3rd period - Dylan Gambrell wins face-off versus Mikael Granlund in VICTORIA GLADIATORS zone.
15:17 of 3rd period - Shot by Andre Burakovsky.
15:17 of 3rd period - Stopped by Jake Allen without a rebound.
15:18 of 3rd period - Brayden Point wins face-off versus Noel Acciari in SAN JOSE BRONCOS zone.
15:18 of 3rd period - Clayton Keller is hit by Noel Acciari and loses puck.
15:54 of 3rd period - Shot by Brayden Point.
15:54 of 3rd period - Stopped by Jake Oettinger with a rebound.
15:57 of 3rd period - Icing by Justin Holl.
15:58 of 3rd period - Tomas Nosek wins face-off versus Noel Acciari in VICTORIA GLADIATORS zone.
17:42 of 3rd period - Icing by Chris Tanev.
17:43 of 3rd period - Adam Lowry wins face-off versus Dylan Gambrell in VICTORIA GLADIATORS zone.
18:33 of 3rd period - Shot by Nick Foligno.
18:33 of 3rd period - Stopped by Jake Allen without a rebound.
18:34 of 3rd period - Brayden Point wins face-off versus Mikael Granlund in SAN JOSE BRONCOS zone.
18:39 of 3rd period - Shot by Brandon Montour.
18:39 of 3rd period - Shot Blocked by Adam Pelech.
18:48 of 3rd period - Off-side.
18:49 of 3rd period - Rasmus Asplund wins face-off versus Juuso Parssinen in neutral zone.
18:51 of 3rd period - Carl Grundstrom is hit by Brandon Montour and loses puck.
19:54 of 3rd period - Shot by Barclay Goodrow.
19:54 of 3rd period - Shot Blocked by Neal Pionk.
Goals for this period are 0 for SAN JOSE BRONCOS vs 2 for VICTORIA GLADIATORS.
Shots for this period are 4 for SAN JOSE BRONCOS vs 13 for VICTORIA GLADIATORS.


BLAKE
WHEELER
STEVEN
STAMKOS
DREW
DOUGHTY

EAST COAST

HOCKEY LEAGUE

  • 63.RHI2PIT5
  • 64.WOR4ATL3
  • 65.QUECHW
  • 66.CHATRV